 Dungeon Crawl Stone Soup version 0.18-a0-1805-g8ab820f (webtiles) character file.

76171 ololoev the Earth Mage (level 15, -12/92 HPs)
             Began as a Gargoyle Earth Elementalist on Apr 26, 2016.
             Was a High Priest of Vehumet.
             Mangled by a phantasmal warrior (19 damage)
             ... on level 1 of the Depths.
             The game lasted 01:09:37 (23105 turns).

ololoev the Earth Mage (GrEE)                      Turns: 23105, Time: 01:09:38

Health: -12/92     AC: 20    Str: 12    XL:     15   Next: 52%
Magic:  14/33      EV: 14    Int: 22    God:    Vehumet [*****.]
Gold:   147        SH:  8    Dex: 17    Spells: 6 memorised, 23 levels left

rFire  + . .     SeeInvis +     a - +4 broad axe "Kastuib" {holy, MR++ Dex+3}
rCold  + . .     Gourm    .     R - +2 robe {rC+ rF+}
rNeg   + . .     Faith    +     V - +3 buckler {reflect}
rPois  ∞         Spirit   .     x - +0 helmet
rElec  +         Dismiss  .     E - +1 cloak "Vumel" {rElec MR+ Dex+4}
rCorr  .         Reflect  +     r - +0 pair of gloves
SustAt .         Harm     .     K - +0 pair of boots
MR     ++...                    D - amulet of faith
Stlth  ++........               P - ring of wizardry
                                N - ring of see invisible

@: about to teleport, vulnerable, flying, very resistant to hostile
enchantments, unstealthy
A: big wings, negative energy resistance 1, electricity resistance, unbreathing,
evolution 1, petrification resistance, rot immunity, AC +11
a: Stop Flying, Renounce Religion


Innate Abilities, Weirdness & Mutations

You are resistant to torment.
Your stone body is resilient (AC +11).
You are immune to poison.
Your large and strong wings let you fly indefinitely.
You resist negative energy.
You are resistant to electric shocks.
You can survive without breathing.
You are immune to petrification.
You are immune to rotting.
You evolve.

Inventory:

Hand Weapons
 a - the +4 broad axe "Kastuib" (weapon) {holy, MR++ Dex+3}
   (You bought it in a shop on level 5 of the Dungeon)

   It has been blessed by the Shining One to cause great damage to the undead
   and demons.
   It affects your dexterity (+3).
   It affects your resistance to hostile enchantments.
Missiles
 b - 155 stones (quivered)
 f - 3 throwing nets
Armour
 r - a +0 pair of gloves (worn)
 x - a +0 helmet (worn)
 E - the +1 cloak "Vumel" (worn) {rElec MR+ Dex+4}
   (You found it on level 6 of the Dungeon)

   It affects your dexterity (+4).
   It insulates you from electricity.
   It affects your resistance to hostile enchantments.
 K - a +0 pair of boots (worn)
 R - a +2 robe of resistance (worn)
 S - a +0 troll leather armour
 V - a +3 buckler of reflection (worn)
Jewellery
 w - an uncursed ring of magical power
 A - an uncursed amulet of the gourmand
 D - an amulet of faith (around neck)
 N - a ring of see invisible (left hand)
 P - a ring of wizardry (right hand)
Wands
 t - a wand of paralysis (1/24)
 H - a wand of paralysis (8/24)
 I - a wand of teleportation (2/9)
Scrolls
 i - 6 scrolls of remove curse
 k - 3 scrolls of amnesia
 q - a scroll of fog
 v - a scroll of teleportation
 y - 2 scrolls of immolation
 B - a scroll of recharging
 F - 2 scrolls of magic mapping
 U - a scroll of enchant armour
Potions
 e - 7 potions of curing
 h - 4 potions of ambrosia
 j - 5 potions of brilliance
 m - 3 potions of might
 o - a potion of cancellation
 C - 2 potions of magic
 J - 2 potions of resistance
Books
 c - a book of Geomancy

   Spells                             Type                      Level
   a - Sandblast                      Earth                        1
   b - Passwall                       Transmutation/Earth          2
   c - Stone Arrow                    Conjuration/Earth            3
   d - Petrify                        Transmutation/Earth          4
   e - Lee's Rapid Deconstruction     Earth                        5
Comestibles
 d - 9 bread rations
 g - 4 chunks of flesh
 u - 41 fruits
 O - 2 beef jerkies


   Skills:
 + Level 10.2 Fighting
 + Level 4.2 Dodging
 - Level 2.1 Stealth
 - Level 4.1 Shields
 * Level 14.4 Spellcasting
 - Level 11.2 Conjurations
 - Level 0.7 Transmutations
 * Level 18.2 Earth Magic


You had 23 spell levels left.
You knew the following spells:

 Your Spells              Type           Power        Failure   Level  Hunger
a - Sandblast             Erth           ######       0%          1    None
b - Stone Arrow           Conj/Erth      ######       1%          3    None
c - Lee's Rapid Deconstr  Erth           #######...   1%          5    ###....
d - Mephitic Cloud        Conj/Pois/Air  ####....     1%          3    None
q - Iskenderun's Battles  Conj/Chrm      #####...     1%          5    ###....
w - Passwall              Trmt/Erth      ######....   1%          2    None


You were on level 1 of the Depths.
You worshipped Vehumet.
Vehumet was extremely pleased with you.
You were not hungry.

You visited 3 branches of the dungeon, and saw 18 of its levels.
You also visited: Trove.

You collected 1205 gold pieces.
You spent 1058 gold pieces at shops.

#.....)##...###...
#....)##..#..#..#.
#....##..###.).###
#..(##.#..#..#..#.
##..)#(###...###...
#..()##.#..#..#..#.
##..))##..###...###
#)W)..##....[#..#.
#@.....##....##...
#.W.....###..#..## ### #.......#
##...## ##.# #.......# #[''#
#..## #.......####)..# ##.)#
#........)[..### #...#
#.......###### .#..## ##.......#
#....##########........##########

Notes
Turn   | Place    | Note
--------------------------------------------------------------
     0 | D:1      | ololoev the Gargoyle Earth Elementalist began the quest for the Orb.
     0 | D:1      | Reached XP level 1. HP: 10/10 MP: 3/3
   119 | D:1      | Reached skill level 4 in Earth Magic
   119 | D:1      | Reached XP level 2. HP: 9/15 MP: 0/5
   920 | D:2      | Reached XP level 3. HP: 14/19 MP: 6/6
   936 | D:2      | Learned a level 2 spell: Passwall
   940 | D:2      | Learned a level 3 spell: Stone Arrow
  1460 | D:2      | Reached XP level 4. HP: 24/24 MP: 8/8
  1652 | D:2      | Reached skill level 1 in Conjurations
  2064 | D:3      | Found a deep blue altar of Sif Muna.
  2623 | D:3      | Reached skill level 5 in Earth Magic
  2967 | D:3      | Reached XP level 5. HP: 28/28 MP: 8/10
  2975 | D:3      | Noticed Sigmund
  2986 | D:3      | crauler: you will never get the orb!
  3366 | D:3      | Killed Sigmund
  3366 | D:3      | Reached skill level 6 in Earth Magic
  3366 | D:3      | Reached XP level 6. HP: 30/32 MP: 7/12
  3418 | D:3      | Noticed F1L1N's ghost (amateur TrBe)
  3715 | D:4      | Found a glowing drain.
  3727 | D:4      | Reached XP level 7. HP: 36/36 MP: 4/13
  4086 | D:4      | Found a stormy altar of Qazlal.
  4126 | D:4      | Found an oddly glowing altar of Pakellas.
  4135 | D:4      | Learned a level 5 spell: Lee's Rapid Deconstruction
  4481 | D:4      | Noticed PeterLawrence's ghost (amateur MiFi)
  4534 | D:5      | Entered Level 5 of the Dungeon
  4534 | D:5      | Found Ypneduh's Antique Weapon Shop.
  4552 | D:5      | Bought a smoking broad axe for 261 gold pieces
  4552 | D:5      | Identified the +4 broad axe "Kastuib" {holy, MR++ Dex+3} (You bought it in a shop on level 5 of the Dungeon)
  4671 | D:5      | Reached skill level 5 in Spellcasting
  4714 | D:5      | Reached skill level 7 in Earth Magic
  4752 | D:5      | Found a white marble altar of Elyvilon.
  5022 | D:5      | Found a burning altar of Makhleb.
  5091 | D:6      | Reached XP level 8. HP: 40/41 MP: 9/16
  5291 | D:6      | Found a snail-covered altar of Cheibriados.
  5627 | D:6      | Got a translucent cloak
  5636 | D:6      | Reached skill level 8 in Earth Magic
  5658 | D:6      | Identified the +1 cloak "Vumel" {rElec MR+ Dex+4} (You found it on level 6 of the Dungeon)
  5711 | D:6      | Found a basalt altar of Yredelemnul.
  5712 | D:6      | Found a glowing silver altar of Zin.
  5787 | D:6      | Found a staircase to the Ecumenical Temple.
  6003 | Temple   | Entered the Ecumenical Temple
  6070 | Temple   | Became a worshipper of Vehumet
  6181 | D:7      | Noticed Dowan
  6201 | D:7      | Killed Dowan
  6208 | D:7      | Found an iron altar of Okawaru.
  6211 | D:7      | Found a shattered altar of Ashenzari.
  6244 | D:7      | Reached skill level 9 in Earth Magic
  6251 | D:7      | Noticed Duvessa
  6266 | D:7      | Killed Duvessa
  6266 | D:7      | Reached skill level 5 in Conjurations
  6266 | D:7      | Reached XP level 9. HP: 38/45 MP: 9/19
  6344 | D:7      | Found a sacrificial altar of Ru.
  6352 | D:7      | Noticed Crazy Yiuf
  6359 | D:7      | Killed Crazy Yiuf
  6394 | D:7      | Reached * piety under Vehumet
  6394 | D:7      | Offered knowledge of Flame Tongue by Vehumet.
  6624 | D:7      | Found a blossoming altar of Fedhas.
  6862 | D:7      | Reached skill level 10 in Earth Magic
  7422 | D:6      | Offered knowledge of Freeze by Vehumet.
  7598 | D:8      | Reached ** piety under Vehumet
  7710 | D:8      | Noticed a two-headed ogre
  7720 | D:8      | Killed a two-headed ogre
  7720 | D:8      | Reached XP level 10. HP: 50/50 MP: 0/22
  7892 | D:8      | Reached skill level 11 in Earth Magic
  8204 | D:8      | Offered knowledge of Throw Flame by Vehumet.
  8485 | D:9      | Found a shimmering altar of Xom.
  8559 | D:9      | Killed an unseen horror
  8559 | D:9      | Reached *** piety under Vehumet
  8559 | D:9      | Reached skill level 1 in Fighting
  9096 | D:9      | Offered knowledge of Ignite Poison by Vehumet.
  9281 | D:9      | Found a glowing golden altar of the Shining One.
  9614 | D:8      | Reached skill level 12 in Earth Magic
  9737 | D:10     | Entered Level 10 of the Dungeon
  9905 | D:10     | Found Osim's Antique Weapon Shop.
  9937 | D:10     | Reached XP level 11. HP: 60/60 MP: 3/24
 10117 | D:10     | Reached **** piety under Vehumet
 10324 | D:10     | Noticed a hill giant
 10356 | D:10     | Killed a hill giant
 10356 | D:10     | Offered knowledge of Mephitic Cloud by Vehumet.
 10356 | D:10     | Reached skill level 10 in Spellcasting
 10558 | D:10     | Noticed a white ugly thing
 10562 | D:10     | Noticed a cyan ugly thing
 10567 | D:10     | Found a staircase to the Lair.
 10968 | D:10     | Noticed Harold
 11341 | D:10     | Killed Harold
 11341 | D:10     | Reached skill level 13 in Earth Magic
 11578 | D:11     | Found a staircase to the Orcish Mines.
 11595 | D:11     | Learned a level 3 spell: Mephitic Cloud
 11848 | D:11     | Reached skill level 5 in Fighting
 12021 | D:11     | Found Dun Uffu's Jewellery Shoppe.
 12035 | D:11     | Reached ***** piety under Vehumet
 12036 | D:11     | Offered knowledge of Venom Bolt by Vehumet.
 13132 | D:12     | Noticed a hill giant
 13138 | D:12     | Killed a hill giant
 13138 | D:12     | Reached XP level 12. HP: 68/68 MP: 26/26
 13472 | D:12     | Reached skill level 14 in Earth Magic
 14058 | D:13     | Found a portal to a secret trove of treasure.
 14063 | Trove    | Entered a treasure trove
 14403 | D:13     | Reached skill level 1 in Shields
 14457 | D:13     | Noticed Urug
 14470 | D:13     | Killed Urug
 15288 | D:14     | Found a gate to the Vaults.
 15288 | D:14     | Noticed Donald
 15288 | D:14     | Noticed Rupert
 15288 | D:14     | Noticed Norris
 15309 | D:13     | Noticed a tengu warrior
 15315 | D:13     | Killed a tengu warrior
 15442 | D:14     | Noticed a centaur warrior
 15448 | D:14     | Killed a centaur warrior
 15448 | D:14     | Reached XP level 13. HP: 76/76 MP: 9/28
 15619 | D:14     | Reached skill level 15 in Earth Magic
 15626 | D:14     | Got a faintly humming leather armour
 15642 | D:14     | Identified the cursed +0 leather armour of the Ditch-Digger {rN++ Int-4} (You took it off a human on level 14 of the Dungeon)
 16119 | D:14     | Killed Donald
 16193 | D:14     | Killed Norris
 16193 | D:14     | Reached skill level 10 in Conjurations
 16635 | D:14     | Killed Rupert
 17159 | D:14     | Reached skill level 16 in Earth Magic
 17442 | D:15     | Entered Level 15 of the Dungeon
 17766 | D:15     | Noticed an ogre mage
 17770 | D:15     | Killed an ogre mage
 17770 | D:15     | Gained mutation: Your large and strong wings let you fly indefinitely. [Gargoyle growth]
 17770 | D:15     | Reached XP level 14. HP: 84/84 MP: 24/30
 19215 | D:15     | Found a staircase to the Depths.
 19539 | D:5      | Bought a twisted demon blade for 580 gold pieces
 19539 | D:5      | Identified the +9 demon blade "Fiomutym" {venom, *Noise *Confuse MR+++ Dex+5} (You bought it in a shop on level 5 of the Dungeon)
 19542 | D:5      | Bought an ancient blowgun for 217 gold pieces
 19542 | D:5      | Identified the cursed +1 blowgun "Tyogom" {speed, rF+ Int+3} (You bought it in a shop on level 5 of the Dungeon)
 19710 | Depths:1 | Entered Level 1 of the Depths
 20006 | Depths:1 | Reached skill level 17 in Earth Magic
 20141 | Depths:1 | Noticed a green very ugly thing
 20144 | Depths:1 | Killed a green very ugly thing
 20162 | Depths:1 | Offered knowledge of Iskenderun's Battlesphere by Vehumet.
 20398 | Depths:1 | Noticed a stone giant
 20775 | Depths:1 | Killed a stone giant
 20791 | Depths:1 | Noticed a fire giant
 20797 | Depths:1 | Killed a fire giant
 20797 | Depths:1 | Reached XP level 15. HP: 78/92 MP: 12/32
 20992 | Depths:1 | Noticed a frost giant
 21186 | Depths:1 | Killed a frost giant
 21186 | Depths:1 | Reached skill level 10 in Fighting
 21971 | Depths:1 | Found a gateway to Hell.
 22269 | Depths:1 | Learned a level 5 spell: Iskenderun's Battlesphere
 22417 | Depths:2 | Reached skill level 18 in Earth Magic
 22438 | Depths:2 | Gained mutation: You evolve. [potion of beneficial mutation]
 22698 | Depths:1 | Noticed a frost giant
 22752 | Depths:1 | Killed a frost giant
 23104 | Depths:1 | HP: 2/92 [phantasmal warrior (23)]
 23105 | Depths:1 | Mangled by a phantasmal warrior

Dungeon Overview and Level Annotations

Branches:
Dungeon (15/15)            Temple (1/1) D:6            Lair (0/8) D:10
    Orc (0/2) D:11         Vaults (0/5) D:14         Depths (2/5) D:15

Altars:
Ashenzari
Cheibriados
Elyvilon
Fedhas
Gozag
Makhleb
Nemelex Xobeh
Okawaru
Pakellas
Qazlal
Ru
Sif Muna
Trog
Vehumet
Xom
Yredelemnul
Zin
The Shining One

Shops:
D:5 (   D:10 (   D:11 =

Portals:
Hell: Depths:1

Annotations:
D:3 F1L1N's ghost, amateur TrBe
D:4 PeterLawrence's ghost, amateur MiFi


Message History

The phantasmal warrior hits you but does no damage.
You fly upwards.
There is a stone staircase leading down here.
Unknown command.
Casting: Stone Arrow
Confirm with . or Enter, or press ? or * to list all spells.
Aiming: Stone Arrow
Press: ? - help, Shift-Dir - straight line, f - ogre
Aim: an ogre, wielding a giant spiked club The stone arrow hits the ogre.
The ogre is severely wounded.
The ogre hits you with a giant spiked club.
You block the phantasmal warrior's attack. x2
Casting: Stone Arrow
Confirm with . or Enter, or press ? or * to list all spells.
Aiming: Stone Arrow
Press: ? - help, Shift-Dir - straight line, f/p - ogre
Aim: an ogre, wielding a giant spiked club (severely wounded)
The stone arrow hits the ogre.
You kill the ogre!
Vehumet accepts your kill.
The phantasmal warrior closely misses you.
The phantasmal warrior hits you.
Casting: Stone Arrow
Confirm with . or Enter, or press ? or * to list all spells.
Aiming: Stone Arrow
Press: ? - help, Shift-Dir - straight line, f - phantasmal warrior
Aim: a phantasmal warrior The stone arrow hits the phantasmal warrior.
The phantasmal warrior is moderately damaged.
The phantasmal warrior hits you!!
The phantasmal warrior hits you but does no damage.
Casting: Stone Arrow
Confirm with . or Enter, or press ? or * to list all spells.
Aiming: Stone Arrow
Press: ? - help, Shift-Dir - straight line, f/p - phantasmal warrior
Aim: a phantasmal warrior (moderately damaged)
The stone arrow hits the phantasmal warrior.
The phantasmal warrior is moderately damaged.
The phantasmal warrior hits you.
You block the phantasmal warrior's attack.
Casting: Stone Arrow
Confirm with . or Enter, or press ? or * to list all spells.
Aiming: Stone Arrow
Press: ? - help, Shift-Dir - straight line, f/p - phantasmal warrior
Aim: a phantasmal warrior (moderately damaged)
The stone arrow hits the phantasmal warrior.
The phantasmal warrior is heavily damaged.
You block the phantasmal warrior's attack. x2
Casting: Stone Arrow
Confirm with . or Enter, or press ? or * to list all spells.
Aiming: Stone Arrow
Press: ? - help, Shift-Dir - straight line, f/p - phantasmal warrior
Aim: a phantasmal warrior (heavily damaged)
The stone arrow hits the phantasmal warrior.
The phantasmal warrior is heavily damaged.
The phantasmal warrior barely misses you.
You block the phantasmal warrior's attack.
Casting: Stone Arrow
Confirm with . or Enter, or press ? or * to list all spells.
Aiming: Stone Arrow
Press: ? - help, Shift-Dir - straight line, f/p - phantasmal warrior
Aim: a phantasmal warrior (heavily damaged)
The stone arrow hits the phantasmal warrior.
The phantasmal warrior is severely damaged.
The phantasmal warrior completely misses you.
The phantasmal warrior hits you!!
Drink which item? (? for menu, Esc to quit)
You feel better.
The phantasmal warrior closely misses you.
The phantasmal warrior hits you.
Read which item? (? for menu, Esc to quit)
As you read the scroll of teleportation, it crumbles to dust.
You feel strangely unstable. The phantasmal warrior hits you!!
The phantasmal warrior hits you but does no damage.
Drink which item? (? for menu, Esc to quit)
You feel better.
You block the phantasmal warrior's attack.
The phantasmal warrior hits you!!
You die...

You could see 2 phantasmal warriors.

Vanquished Creatures
  Norris (D:14)
  Rupert (D:14)
  A fire giant (Depths:1)
  Donald (D:14)
  2 frost giants (Depths:1)
  3 very ugly things
  2 stone giants (Depths:1)
  A vampire knight (Depths:1)
  A spark wasp (Depths:1)
  4 ettins
  3 ogre magi
  A fire dragon (Depths:1)
  3 rakshasas (Depths:1)
  2 great orbs of eyes (Depths:1)
  Harold (D:10)
  4 centaur warriors
  2 alligators (D:15)
  2 deep troll shamans
  4 tengu warriors
  Urug (D:13)
  3 unseen horrors
  A giant orange brain (Depths:1)
  2 lindwurms (D:15)
  5 hill giants
  2 deep elf magi
  2 wizards (D:15)
  A necromancer (D:15)
  2 orc sorcerers (D:15)
  5 ugly things
  A cyclops (D:13)
  4 centaur zombies
  2 black mambas (D:15)
  A naga mage (D:15)
  2 gargoyles (D:14)
  2 demonic crawlers (D:15)
  An efreet (D:13)
  A komodo dragon (D:14)
  7 trolls
  A tengu conjurer (D:13)
  3 giant leeches (D:15)
  6 two-headed ogres
  4 slime creatures
  Sigmund (D:3)
  4 wraiths
  16 yaks
  3 shadows
  2 water elementals (Depths:1)
  A tarantella (shapeshifter) (D:15)
  A basilisk (D:15)
  15 humans (D:14)
  4 wyverns
  3 hippogriffs
  A hungry ghost (D:14)
  2 wargs (D:10)
  A mottled dragon (D:12)
  A hell hound (D:9)
  6 orc warriors
  5 water moccasins
  Duvessa (D:7)
  7 sky beasts
  2 eyes of draining (D:13)
  A wasp (D:9)
  5 necrophages
  21 ogres
  3 phantoms
  A boggart (Depths:1)
  18 centaurs
  5 big kobolds
  7 giant frogs
  A wyvern zombie (D:9)
  A wyvern skeleton (D:8)
  7 scorpions
  Dowan (D:7)
  12 killer bees
  15 wights
  13 crimson imps
  12 howler monkeys
  5 hounds
  Crazy Yiuf (D:7)
  5 giant frog skeletons
  A gnoll shaman (D:7)
  3 jellies
  4 orc priests
  10 centaur skeletons
  3 iguanas (D:15)
  7 worker ants
  9 orc wizards
  A hound zombie (D:7)
  A mummy (D:6)
  3 hound skeletons
  2 worker ant zombies
  5 gnolls (D:7)
  15 adders
  2 shadow imps
  2 oozes
  4 adder zombies
  4 adder skeletons
  12 worms
  4 dart slugs
  10 giant geckos
  54 orcs
  9 ball pythons
  8 bats
  2 bat zombies (D:2)
  13 giant cockroaches
  13 goblins
  5 hobgoblins
  22 jackals
  31 kobolds
  3 quokkas
  2 giant cockroach zombies
  A giant gecko zombie (D:6)
  9 giant newts
  A quokka skeleton (D:8)
  3 rats
  A bush (D:7)
587 creatures vanquished.

Vanquished Creatures (others)
  A centaur warrior (D:15)
  An unseen horror (D:13)
  A yaktaur (Depths:1)
  8 plants
11 creatures vanquished.

Grand Total: 598 creatures vanquished

Action                   |  1- 3 |  4- 6 |  7- 9 | 10-12 | 13-15 || total
-------------------------+-------+-------+-------+-------+-------++-------
Melee: Dagger            |    33 |       |       |       |       ||    33
       Spear             |    34 |   184 |    63 |       |       ||   281
       Broad axe         |       |       |   180 |   108 |    28 ||   316
       Falchion          |       |       |       |    12 |       ||    12
 Cast: Sandblast         |    31 |    34 |   105 |   156 |    76 ||   402
       Lee's Rapid Decon |       |       |    19 |    84 |   130 ||   233
       Stone Arrow       |       |       |     9 |    78 |   214 ||   301
       Iskenderun's Batt |       |       |       |       |     3 ||     3
 Abil: Fly               |       |       |       |       |     1 ||     1
Evoke: Wand              |       |       |       |    10 |       ||    10
  Use: Scroll            |       |     6 |     9 |     9 |    17 ||    41
       Potion            |       |       |     1 |     1 |    15 ||    17
 Stab: Sleeping          |     1 |     1 |     3 |     8 |       ||    13
       Distracted        |       |       |       |     1 |       ||     1
  Eat: Chunk             |     1 |     8 |    16 |    36 |    21 ||    82
       Royal jelly       |       |       |     1 |       |       ||     1
       Fruit             |       |       |       |     5 |       ||     5
       Meat ration       |       |       |       |       |     3 ||     3
       Pizza             |       |       |       |       |     3 ||     3
Armor: Robe              |    40 |    63 |   113 |   160 |    91 ||   467
Dodge: Dodged            |    64 |   165 |   188 |   193 |   102 ||   712
Block: Buckler           |       |       |       |       |    77 ||    77
       Reflection        |       |       |       |       |     5 ||     5

Vault maps used:
D:1:      matt_arrival_refuge, corexii_corridor_pit
D:2:      serial_undead, serial_undead_f, serial_undead_f, serial_undead_b,
          serial_undead_a
D:3:      led_sif_pool, uniq_sigmund
D:4:      grunt_qazlal_clouds, grunt_pakellas_basics, portal_sewer_entry_c,
          hangedman_minor_gate_pass
D:5:      kennysheep_mini, makhleb_heckhound_becter, serial_shops,
          nicolae_shop_statue_plus, first_bread
D:6:      slow_altar_1, gammafunk_temple_overflow_statue,
          minmay_temple_entry_from_below_a
D:7:      nicolae_overflow_crystal_walls, fedhas_altar_decomposition,
          amethyst_overflow_temple_binary, uniq_crazy_yiuf_cottage, uniq_duvessa
D:8:      minmay_misc_feat_cross
D:9:      overflow_temple_1_default, marbit_many_paths
D:10:     erik_lair_orcish_takeover, serial_shops, shop, blue_anna_alchemist,
          uniq_harold
D:11:     orc_0_dummy, serial_shops, shop_statue
D:13:     enter_trove_3, uniq_urug
D:14:     david_vaults_3, infiniplex_staircase_zigzag_1
D:15:     grunt_enter_depths_magical_seal, minmay_misc_feat_secret_circle,
          hangedman_parallel_progression
Temple:   hc_temple_tempest_star_small
Depths:1: hell_entry, hangedman_decor_push, hangedman_abyss_or_decor_slice,
          st_stairs_8, kennysheep_kite_vault, serial_bayou_shore_a
Depths:2: wad_guarded_room, hangedman_coc_ice_floe, basic_altar,
          minmay_staircase_bubble, uniq_mara, uniq_jorgrun
Trove:    trove_garden
